 Dungeon Crawl Stone Soup version 0.30-b1-2-g02819fbbbe (webtiles) character file.

Game seed: 4426727291074939768

13164 night the Destroyer (level 12, -23/91 HPs)
             Began as a Gnoll Conjurer on May 14, 2023.
             Was an Elder of Ru.
             Annihilated by a hell knight
             ... wielding a +0 halberd of flaming
              (33 damage)
             ... in a volcano.
             The game lasted 00:46:50 (13925 turns).

night the Destroyer (Gnoll Conjurer)               Turns: 13925, Time: 00:46:51

Health: -23/91     AC: 10    Str:  9    XL:     12   Next: 3%
Magic:  2/24       EV: 19    Int: 21    God:    Ru [****..]
Gold:   846        SH:  0    Dex: 10    Spells: 12/28 levels left

rFire   + . .        V - +2 battleaxe (vamp)
rCold   . . .        (shield currently unavailable)
rNeg    . . .        c - +0 steam dragon scales
rPois   .            U - +0 helmet
rElec   .            L - +0 cloak
rCorr   .            O - +0 pair of gloves
SInv    .            (no boots)
Will    .....        k - amulet of regeneration
Stlth   ++++         v - +5 ring of evasion
HPRegen 1.15/turn    x - ring of protection from fire
MPRegen 0.19/turn

%: no passive effects
@: no status effects
A: fangs 1, inability to use devices, disrupted magic 1, missing an eye, strong
nose, distributed training
a: Renounce Religion, Draw Out Power, Power Leap


You were in a volcano.
You worshipped Ru.
Ru was greatly pleased with you.
You visited 3 branches of the dungeon, and saw 13 of its levels.
You also visited: Volcano.

You collected 846 gold pieces.

Inventory:

Hand Weapons
 M - a +0 battleaxe of flaming
 V - a +2 vampiric battleaxe (weapon)
Missiles
 r - a throwing net
 w - 5 javelins
 B - 4 atropa-tipped darts
 P - a curare-tipped dart
 Q - 16 poisoned darts
Armour
 b - a +2 scale mail of fire resistance
 c - +0 steam dragon scales (worn)
 y - a +2 leather armour of cold resistance
 L - a +0 cloak (worn)
 O - a +0 pair of gloves (worn)
 U - a +0 helmet (worn)
 X - a +0 buckler
 Z - a +0 troll leather armour
Magical Staves
 C - a staff of air
Jewellery
 a - a ring of flight
 e - a ring of positive energy
 k - an amulet of regeneration (around neck)
 o - an amulet of guardian spirit
 q - an amulet of reflection
 v - a +5 ring of evasion (left hand)
 x - a ring of protection from fire (right hand)
 z - an amulet of faith
 E - a ring of ice
 F - the ring "Taaru" {Fire Will+ Str-2 Stlth+}
   (You found it on level 4 of the Dungeon)

   [ring of fire]

   It enhances your fire magic.
   Str:       It affects your strength (-2).
   rF:        It protects you from fire.
   rC:        It makes you vulnerable to cold.
   Will:      It increases your willpower.
   Stlth:     It makes you more stealthy.
 G - a ring of see invisible
 H - an amulet of the acrobat
 J - a +4 ring of protection
 K - a ring of magical power
 S - a ring of ice
 W - a ring of fire
Scrolls
 h - 3 scrolls of enchant weapon
 i - 2 scrolls of fear
 m - a scroll of butterflies
 n - a scroll of magic mapping
 p - 2 scrolls of poison
 s - 2 scrolls of blinking
 u - a scroll of identify
 D - 2 scrolls of enchant armour
 R - a scroll of silence
 Y - 2 scrolls of fog
Potions
 d - a potion of heal wounds
 f - 2 potions of cancellation
 g - a potion of berserk rage
 j - 2 potions of curing
 l - 3 potions of lignification
 t - 3 potions of resistance
 A - 3 potions of brilliance
 I - 3 potions of mutation
 N - 4 potions of ambrosia
 T - 2 potions of haste


   Skills:
 + Level 7.1 Fighting
 + Level 7.1 Short Blades
 + Level 7.1 Long Blades
 + Level 7.1 Axes
 + Level 7.1 Maces & Flails
 + Level 7.1 Polearms
 + Level 7.1 Staves
 + Level 7.1 Ranged Weapons
 + Level 7.1 Throwing
 + Level 7.1 Armour
 + Level 8.5 Dodging
 + Level 8.3 Stealth
 + Level 7.1 Shields
 + Level 7.1 Unarmed Combat
 + Level 8.8 Spellcasting
 + Level 9.3 Conjurations
 + Level 5.9 Hexes
 + Level 5.9 Summonings
 + Level 5.9 Necromancy
 + Level 5.9 Translocations
 + Level 5.9 Transmutations
 + Level 5.9 Fire Magic
 + Level 5.9 Ice Magic
 + Level 5.9 Air Magic
 + Level 5.9 Earth Magic
 + Level 5.9 Poison Magic
 + Level 7.8 Invocations
   Level 0.0 Evocations


You had 12 spell levels left.
You knew the following spells:

 Your Spells              Type           Power      Damage    Failure   Level
a - Magic Dart            Conj           100%       1d8       1%          1
b - Searing Ray           Conj           96%        2d7       1%          2
c - Iskenderun's Mystic   Conj/Tloc      41%        2d9       5%          4
d - Fireball              Conj/Fire      20%        3d10      13%         5
e - Fulminant Prism       Conj/Hex       20%        3d12      5%          4

Your spell library contained the following spells:

 Spells                   Type           Power      Damage    Failure   Level
 Apportation              Tloc           68%        N/A       1%          1
 Foxfire                  Conj/Fire      100%       2x1d9     1%          1
 Freeze                   Ice            100%       1d10      1%          1
 Static Discharge         Conj/Air       82%        2-6/arc   1%          2
 Dazzling Flash           Conj/Hex       82%        N/A       1%          3
 Hailstorm                Conj/Ice       41%        3d10      1%          3
 Ensorcelled Hibernation  Hex/Ice        68%        N/A       2%          2
 Passwall                 Tmut/Erth      28%        N/A       2%          2
 Frozen Ramparts          Ice            68%        1d11      3%          3
 Swiftness                Air            34%        N/A       3%          3
 Airstrike                Air            17%        2d(3-19)  10%         4
 Summon Lightning Spire   Summ/Air       34%        N/A       10%         4
 Alistair's Intoxication  Tmut/Pois      22%        N/A       26%         5
 Starburst                Conj/Fire      20%        6d7       52%         6
 Plasma Beam              Fire/Air       17%        2x1d31    77%         6


Dungeon Overview and Level Annotations

Branches:
Dungeon (10/15)            Temple (1/1) D:4            Lair (2/5) D:10
 Spider (0/4) Lair:2          Orc (0/2) D:9         Volcano (1/1)
  Swamp: Lair:2-3    Shoals: Lair:2-3

Altars:
Ashenzari
Dithmenos
Fedhas
Hepliaklqana
Makhleb
Nemelex Xobeh
Qazlal
Ru
Sif Muna
Trog
Uskayaw
Vehumet
Wu Jian
Xom
Zin
The Shining One

Shops:
D:7 ::


Innate Abilities, Weirdness & Mutations

You have very sharp teeth.
You cannot study or use magical devices.
Your casting is slightly disrupted.
You are missing an eye, making it more difficult to aim.
Your uncanny sense of smell can sniff out nearby items.
Your experience applies equally to all skills.


Message History

The hell knight is knocked back by the mystic blast.
The hell knight collides with the yaktaur!
The yaktaur is lightly wounded.
The hell knight barely misses you.
Your fulminant prism crackles loudly.
Unknown command.
Casting: Iskenderun's Mystic Blast (dangerous; 5% risk of failure)
Confirm with . or Enter, or press ? or * to list all spells.
You erupt in a blast of force!
The mystic blast hits the yaktaur.
The yaktaur is lightly wounded.
The mystic blast hits the hell knight.
The hell knight is moderately wounded.
The hell knight is knocked back by the mystic blast.
The yaktaur drinks a potion.
The yaktaur seems to grow stronger.
Your fulminant prism explodes!
The blast of energy engulfs the hell knight!!
The hell knight is heavily wounded.
The blast of energy engulfs the yaktaur!
The yaktaur is heavily wounded.
Unknown command.
Casting: Iskenderun's Mystic Blast (dangerous; 5% risk of failure)
Confirm with . or Enter, or press ? or * to list all spells.
Aiming: Fulminant Prism (dangerous; 5% risk of failure)
Press: ? - help, Dir - move target You conjure a prism of explosive energy!
A fulminant prism comes into view.
The hell knight begins to pray, but is stunned by your conviction!
The yaktaur shoots a bolt.
The bolt hits you! The bolt burns you.
The hell knight hits you from afar with a +0 halberd of flaming!!
The hell knight burns you.
The yaktaur shoots a bolt.
The bolt closely misses you.
Your fulminant prism crackles loudly.
Okay, then.
The hell knight barely misses you.
The yaktaur shoots a bolt.
The bolt hits you!!
* * * LOW HITPOINT WARNING * * *
The bolt burns you.
* * * LOW HITPOINT WARNING * * *
The hell knight hits you from afar with a +0 halberd of flaming!!
You die...

##≈≈[.).## #≈≈≈..)).#
#≈≈.∩...## ≈
##§≈...## §§ ###))##
§§≈ ###.## ### ≈§§
#...####.####### .§
##...#...##....##.#
##.............@)#
##...§≈≈≈≈≈≈≈....#.#
#....≈≈≈≈≈≈§≈§≈.pc..#
....≈§≈≈≈§≈≈≈≈≈..*..#
...≈§≈≈§§≈≈≈§≈≈....##
...≈≈§≈≈≈≈≈≈≈≈§≈....#
....§§≈≈≈≈≈≈≈§.....##
......≈≈§≈≈≈≈.......
.#........


You could see a hell knight (fast, strong, ally target), a yaktaur (strong) and
a friendly fulminant prism.

Vanquished Creatures
  A two-headed ogre (D:10)
  Erica (D:8)
  A centaur warrior (Volcano)
  4 elephants (Lair:1)
  Maggie (D:7)
  4 cane toads (Lair:1)
  A komodo dragon (Lair:1)
  2 trolls (D:10)
  A queen bee (D:10)
  A wraith (D:9)
  8 yaks
  2 steam dragons
  Grum (D:8)
  4 water moccasins (Lair:1)
  7 orc warriors
  An ice beast (D:6)
  3 ogres
  10 wolves
  6 centaurs
  A kobold brigand (D:8)
  2 phantoms (D:4)
  6 bullfrogs
  2 gnoll sergeants
  4 scorpions
  8 wights
  The ghost of Discosetron the Grasshopper, a weakling BaWr (D:3)
  27 killer bees
  4 howler monkeys
  3 hounds
  2 gnoll boudas
  5 orc priests
  8 iguanas
  A sleepcap (D:5)
  5 orc wizards
  15 gnolls
  6 adders
  A river rat (D:3)
  A shadow imp (D:5)
  A white imp (D:5)
  4 ufetubi
  3 worms
  A dart slug (D:5)
  44 orcs
  3 endoplasms
  A giant cockroach (D:2)
  3 goblins
  2 hobgoblins
  6 jackals
  10 kobolds
  3 quokkas
  9 ball pythons
  6 bats
  2 frilled lizards
  4 rats
  A fulminant prism (D:8)
264 creatures vanquished.

Vanquished Creatures (others)
  A troll (D:10)
  A wight (D:8)
  A killer bee (D:10)
  An orc (D:9)
  38 fulminant prisms
  2 fungi (Lair:1)
  8 plants (Lair:1)
52 creatures vanquished.

Grand Total: 316 creatures vanquished

Notes
Turn   | Place    | Note
-------+----------+-------------------------------------------
     0 | D:1      | night the Gnoll Conjurer began the quest for the Orb.
     0 | D:1      | Reached XP level 1. HP: 13/13 MP: 6/6
   441 | D:1      | Reached XP level 2. HP: 19/19 MP: 5/7
   676 | D:2      | Learned a level 2 spell: Searing Ray
   964 | D:2      | Reached skill level 5 in Spellcasting
   964 | D:2      | Reached XP level 3. HP: 25/25 MP: 4/9
  1276 | D:2      | Reached skill level 1 in Invocations
  1658 | D:3      | Reached skill level 1 in Fighting
  1658 | D:3      | Reached skill level 1 in Short Blades
  1658 | D:3      | Reached skill level 1 in Long Blades
  1658 | D:3      | Reached skill level 1 in Axes
  1658 | D:3      | Reached skill level 1 in Maces & Flails
  1658 | D:3      | Reached skill level 1 in Polearms
  1658 | D:3      | Reached skill level 1 in Staves
  1658 | D:3      | Reached skill level 1 in Ranged Weapons
  1658 | D:3      | Reached skill level 1 in Throwing
  1658 | D:3      | Reached skill level 1 in Armour
  1658 | D:3      | Reached skill level 1 in Shields
  1658 | D:3      | Reached skill level 1 in Unarmed Combat
  1658 | D:3      | Reached skill level 1 in Evocations
  1723 | D:3      | Found a runed translucent door.
  1724 | D:3      | Noticed Discosetron's ghost (weakling BaWr)
  1746 | D:3      | Killed Discosetron's ghost
  1747 | D:3      | Reached skill level 1 in Hexes
  1747 | D:3      | Reached skill level 1 in Summonings
  1747 | D:3      | Reached skill level 1 in Necromancy
  1747 | D:3      | Reached skill level 1 in Translocations
  1747 | D:3      | Reached skill level 1 in Transmutations
  1747 | D:3      | Reached skill level 1 in Fire Magic
  1747 | D:3      | Reached skill level 1 in Ice Magic
  1747 | D:3      | Reached skill level 1 in Air Magic
  1747 | D:3      | Reached skill level 1 in Earth Magic
  1747 | D:3      | Reached skill level 1 in Poison Magic
  1747 | D:3      | Reached XP level 4. HP: 32/32 MP: 1/11
  1866 | D:3      | Found a runed translucent door.
  2214 | D:3      | Reached XP level 5. HP: 37/37 MP: 7/12
  2371 | D:3      | Found a sacrificial altar of Ru.
  2677 | D:3      | Became a worshipper of Ru the Awakened
  2753 | D:4      | Noticed a phantom
  2762 | D:4      | Killed a phantom
  2906 | D:4      | Reached XP level 6. HP: 44/44 MP: 5/13
  2972 | D:4      | Learned a level 4 spell: Iskenderun's Mystic Blast
  2977 | D:4      | Learned a level 4 spell: Fulminant Prism
  2980 | D:4      | Found a staircase to the Ecumenical Temple.
  3008 | Temple   | Entered the Ecumenical Temple
  3076 | D:4      | Reached skill level 5 in Dodging
  3619 | D:4      | Identified the ring "Taaru" {Fire Will+ Str-2 Stlth+}
  3704 | D:5      | Entered Level 5 of the Dungeon
  3966 | D:5      | Reached XP level 7. HP: 51/51 MP: 3/15
  4351 | D:5      | Reached skill level 5 in Stealth
  4565 | D:5      | Found a blossoming altar of Fedhas.
  4722 | D:5      | Found a hazy altar of Hepliaklqana.
  4724 | D:5      | Found a broken altar of Ashenzari.
  4983 | D:5      | Learned a level 5 spell: Fireball
  5391 | D:6      | Reached XP level 8. HP: 58/58 MP: 11/16
  5553 | D:6      | Found a shadowy altar of Dithmenos.
  5673 | D:6      | HP: 2/58 [orc warrior/bolt (15)]
  6370 | D:6      | Found a radiant altar of Vehumet.
  6715 | D:7      | Reached XP level 9. HP: 63/65 MP: 18/18
  6725 | D:7      | Found Ukhlugror's Tremendous Tomes.
  6956 | D:7      | Reached skill level 8 in Conjurations
  7209 | D:7      | Found Raijec's Book Boutique.
  7359 | D:7      | Found a bloodstained altar of Trog.
  7372 | D:7      | Reached skill level 5 in Invocations
  7831 | D:8      | Noticed Grum
  8084 | D:8      | Noticed Maggie
  8319 | D:7      | Reached skill level 5 in Fighting
  8319 | D:7      | Reached skill level 5 in Short Blades
  8319 | D:7      | Reached skill level 5 in Long Blades
  8319 | D:7      | Reached skill level 5 in Axes
  8319 | D:7      | Reached skill level 5 in Maces & Flails
  8319 | D:7      | Reached skill level 5 in Polearms
  8319 | D:7      | Reached skill level 5 in Staves
  8319 | D:7      | Reached skill level 5 in Ranged Weapons
  8319 | D:7      | Reached skill level 5 in Throwing
  8319 | D:7      | Reached skill level 5 in Armour
  8319 | D:7      | Reached skill level 5 in Shields
  8319 | D:7      | Reached skill level 5 in Unarmed Combat
  8319 | D:7      | Reached skill level 5 in Evocations
  8319 | D:7      | Reached XP level 10. HP: 33/74 MP: 11/20
  8441 | D:7      | Killed Maggie
  8555 | D:8      | Killed Grum
  8568 | D:8      | Gained mutation: Your casting is slightly disrupted. [Ru
                  | sacrifice]
  8568 | D:8      | Reached * piety under Ru
  9025 | D:8      | Noticed Erica
  9045 | D:8      | Killed Erica
  9511 | D:8      | Found a sparkling altar of Nemelex Xobeh.
 10448 | D:9      | Found a staircase to the Orcish Mines.
 10645 | D:9      | Gained mutation: You are missing an eye, making it more
                  | difficult to aim. [Ru sacrifice]
 10645 | D:9      | Reached ** piety under Ru
 11141 | D:10     | Entered Level 10 of the Dungeon
 11146 | D:10     | Noticed a two-headed ogre
 11167 | D:10     | Killed a two-headed ogre
 11168 | D:10     | Reached skill level 5 in Hexes
 11168 | D:10     | Reached skill level 5 in Summonings
 11168 | D:10     | Reached skill level 5 in Necromancy
 11168 | D:10     | Reached skill level 5 in Translocations
 11168 | D:10     | Reached skill level 5 in Transmutations
 11168 | D:10     | Reached skill level 5 in Fire Magic
 11168 | D:10     | Reached skill level 5 in Ice Magic
 11168 | D:10     | Reached skill level 5 in Air Magic
 11168 | D:10     | Reached skill level 5 in Earth Magic
 11168 | D:10     | Reached skill level 5 in Poison Magic
 11168 | D:10     | Reached XP level 11. HP: 35/81 MP: 17/23
 11529 | D:10     | HP: 3/81 [killer bee (4)]
 11534 | D:10     | HP: 3/81 [poisoned by a killer bee]
 12063 | D:10     | Reached skill level 9 in Conjurations
 12251 | D:10     | Found a staircase to the Lair.
 12331 | Lair:1   | Entered Level 1 of the Lair of Beasts
 13542 | Lair:1   | Gained mutation: You cannot study or use magical devices.
                  | [Ru sacrifice]
 13542 | Lair:1   | Reached *** piety under Ru
 13542 | Lair:1   | Reached **** piety under Ru
 13808 | Lair:2   | Found a dark tunnel.
 13816 | Volcano  | Entered a volcano
 13836 | Volcano  | Noticed a centaur warrior
 13848 | Volcano  | Killed a centaur warrior
 13849 | Volcano  | Reached XP level 12. HP: 45/91 MP: 20/24
 13905 | Volcano  | Noticed a hell knight
 13925 | Volcano  | Annihilated by a hell knight

Illustrated notes

Levels and vault maps discovered:
D:1:      spicycebolla_arrival_risky_transporter, layout_rooms,
          hangedman_decor_push, minmay_splitting_lines
D:2:      minmay_skewed_foursquare, layout_loops_cross
D:3:      layout_loops_ring, nicolae_ru_path_of_blood, ebering_ghost_sewer_f
D:4:      layout_cave_pools, minmay_temple_entry_offerings, nrook_mini_vaults,
          minmay_misc_feat_square
D:5:      layout_cave_pods, mainiacjoe_overflow_small_starburst,
          chequers_temple_overflow_statue_of_worship
D:6:      layout_basic, overflow_temple_1_default, marbit_many_paths
D:7:      layout_rooms, trog_butcher_becter, serial_shops,
          nicolae_shop_advertising_works [nicolae_subvault_shop_adworks],
          kennysheep_crisscross, nicolae_shop_i_like_big_books
D:8:      layout_layer_cave, kennysheep_mini_moat, uniq_grum, uniq_erica,
          uniq_maggie
D:9:      layout_stronghold, david_orc_5, nicolae_hexahallways
D:10:     layout_rooms, lair_entry_dummy, minivault_7
Temple:   eino_narrow_crystal_temple
Lair:1:   layout_gridlike, grunt_forest_small_clearing_treed, grunt_megastairs_5
Lair:2:   layout_regular_city, hellmonk_spider_entry_life_and_decay,
          gauntlet_entry_generic, lightli_volcano_entry_magma_tube
Volcano:  volcano_pools

Skill      XL: |  1  2  3  4  5  6  7  8  9 10 11 |
---------------+----------------------------------+-----
Spellcasting   | 5 6 7 8 |  8.8
Invocations    | 1 2 3 4 5 6 7 |  7.8
Fighting       | 1 2 3 5 6 7 |  7.1
Short Blades   | 1 2 3 5 6 7 |  7.1
Long Blades    | 1 2 3 5 6 7 |  7.1
Axes           | 1 2 3 5 6 7 |  7.1
Maces & Flails | 1 2 3 5 6 7 |  7.1
Polearms       | 1 2 3 5 6 7 |  7.1
Staves         | 1 2 3 5 6 7 |  7.1
Ranged Weapons | 1 2 3 5 6 7 |  7.1
Throwing       | 1 2 3 5 6 7 |  7.1
Armour         | 1 2 3 5 6 7 |  7.1
Shields        | 1 2 3 5 6 7 |  7.1
Unarmed Combat | 1 2 3 5 6 7 |  7.1
Evocations     | 1 2 3 5 6 0 |  0.0
Hexes          | 1 2 3 4 5 |  5.9
Summonings     | 1 2 3 4 5 |  5.9
Necromancy     | 1 2 3 4 5 |  5.9
Translocations | 1 2 3 4 5 |  5.9
Transmutations | 1 2 3 4 5 |  5.9
Fire Magic     | 1 2 3 4 5 |  5.9
Ice Magic      | 1 2 3 4 5 |  5.9
Air Magic      | 1 2 3 4 5 |  5.9
Earth Magic    | 1 2 3 4 5 |  5.9
Poison Magic   | 1 2 3 4 5 |  5.9
Dodging        | 5 6 7 8 |  8.5
Stealth        | 5 6 7 8 |  8.3
Conjurations   | 8 9 |  9.3

Action                     |  1- 3 |  4- 6 |  7- 9 | 10-12 || total
---------------------------+-------+-------+-------+-------++-------
  Melee: Hand axe          |       |    28 |    86 |       ||   114
         Bite              |       |     1 |    25 |    43 ||    69
         Punch             |       |     1 |     5 |     6 ||    12
         Staff             |       |       |    19 |       ||    19
         War axe           |       |       |    56 |    68 ||   124
         Battleaxe         |       |       |       |   362 ||   362
         Scimitar          |       |       |       |    39 ||    39
  Throw: Dart              |       |       |     1 |     2 ||     3
   Cast: Magic Dart        |    49 |    53 |    43 |     7 ||   152
         Searing Ray       |     2 |    14 |    12 |     2 ||    30
         Iskenderun's Myst |       |     4 |    44 |    76 ||   124
         Fulminant Prism   |       |     1 |    25 |    14 ||    40
         Fireball          |       |       |     1 |       ||     1
 Invoke: Reject Sacrifices |       |       |     1 |       ||     1
         Sacrifice Essence |       |       |       |     1 ||     1
         Sacrifice an Eye  |       |       |       |     1 ||     1
         Sacrifice Artific |       |       |       |     1 ||     1
    Use: Potion            |       |       |     3 |     6 ||     9
         Scroll            |       |       |    15 |    11 ||    26
   Stab: Sleeping          |       |     2 |     1 |     1 ||     4
         Distracted        |       |       |       |     1 ||     1
         Invisible         |       |       |       |     1 ||     1
 Armour: Robe              |     1 |     8 |    21 |       ||    30
         Steam dragon scal |       |       |    20 |   188 ||   208
  Dodge: Dodged            |     7 |    43 |   335 |   846 ||  1231
